 Dungeon Crawl Stone Soup version 0.16.2-3-ga078185 (webtiles) character file.

165 gorblad the Sneak (level 5, 0/35 HPs)
             Began as an Octopode Assassin on Sept 7, 2015.
             Succumbed to a worker ant's poison
             ... on level 6 of the Dungeon.
             The game lasted 00:08:02 (2578 turns).

gorblad the Sneak (Octopode Assassin)               Turns: 2578, Time: 00:08:02

Health: 0/35       AC:  1    Str: 10    XL:     5   Next: 46%
Magic:  1/5        EV: 12    Int: 14    God:
Gold:   211        SH:  0    Dex: 14    Spells: 0 memorised, 4 levels left

rFire  . . .     SeeInvis .     a - +2 dagger
rCold  . . .     Clarity  .     (no shield)
rNeg   . . .     SustAb   .     (helmet restricted)
rPois  .         Gourm    .     r - amulet of guardian spirit
rElec  .         Spirit   +     p - ring of teleportation (curse)
rCorr  .         Warding  .     (no ring)
rMut   .         Rnd*Tele +     (no ring)
MR     .....                    (no ring)
Stlth  +++++.....               (no ring)
                                (no ring)
                                (no ring)
                                (no ring)

@: lethally poisoned (0 -> -7), not resistant to hostile enchantments, quite
stealthy
A: almost no armour, amphibious, 8 rings, constrict 8, camouflage 1, gelatinous
body 1
a: Evoke Teleportation


You were on level 6 of the Dungeon.
You were not hungry.

You visited 1 branch of the dungeon, and saw 5 of its levels.

You collected 211 gold pieces.

Inventory:

Hand weapons
 a - a +2 dagger (weapon)
 b - a +0 blowgun
Missiles
 e - 8 poisoned needles
 f - 2 curare-tipped needles
Jewellery
 p - a cursed ring of teleportation (left tentacle)
 r - an amulet of guardian spirit (around mantle)
Magical devices
 o - a wand of confusion (7)
 q - a wand of hasting (3)
Scrolls
 d - 2 scrolls of random uselessness {unknown}
 i - a scroll of teleportation {unknown}
 k - 2 scrolls of identify {unknown}
 l - 2 scrolls of remove curse {unknown}
 n - a scroll of enchant weapon {unknown}
 s - a scroll of enchant armour {unknown}
 t - a scroll of amnesia {unknown}
 x - a scroll of immolation {unknown}
Potions
 m - a potion of restore abilities {unknown}
 u - a potion of magic {unknown}
 w - a potion of curing {unknown}
Comestibles
 c - a slice of pizza
 g - 4 bread rations
 h - 2 meat rations
 j - a beef jerky
 v - 4 chunks of flesh


   Skills:
 + Level 2.7 Fighting
 + Level 2.3 Short Blades
 + Level 2.2 Throwing
 + Level 2.0 Dodging
 + Level 7.8 Stealth


You had 4 spell levels left.
You didn't know any spells.

Dungeon Overview and Level Annotations

Branches:
Dungeon (6/15)
 Temple: D:4-7

Altars:
Ashenzari


Innate Abilities, Weirdness & Mutations

You cannot wear most types of armour.
You are amphibious.
You can wear up to eight rings at the same time.
You can use your tentacles to constrict many enemies at once.
Your skin changes colour to match your surroundings (Stealth).
Your rubbery body absorbs attacks (AC +1).


Message History

The jackal bites you.
* * * LOW HITPOINT WARNING * * *
A bat comes into view.
Found 8 gold pieces.
A bat skeleton comes into view.
The jackal bites you.
* * * LOW HITPOINT WARNING * * *
Found 23 gold pieces.
You strike the helpless worker ant from a blind spot!
You puncture the worker ant! Your grab misses the worker ant.
The worker ant is severely wounded.
The worker ant barely misses you. The jackal barely misses you.
The worker ant barely misses you.
An adder comes into view.
The worker ant bites you.
* * * LOW HITPOINT WARNING * * *
You are lethally poisoned!
The worker ant poisons you! The jackal closely misses you.
Found 18 gold pieces.
Found a stone staircase leading down.
You die...

#. .#.###S# #. ..#.....
.Z .. #. ......#.. .#
#.... >....#.###b# ###
#$### ....#.....# .O
#.... ## #.....#.. .#..
..#.
....$##....#.###.#.###.#g
........@.a#.....#.....#.
##.#####..hl.............
#.#...o...........
#.#####..#.####.##
#o######...# #.#
....o......# #g#
...###.###g# #.# .... #.
#.# #g# #... # #.# #g#


You could see an iguana, a worker ant, an adder (sleeping), 2 orcs, a jackal and
a bat (sleeping).

Vanquished Creatures
  A crimson imp (D:3)
  3 adders
  A gnoll (D:1)
  3 worms (D:2)
  4 giant geckos (D:2)
  2 orcs
  16 bats
  4 giant cockroaches
  7 goblins
  A hobgoblin (D:4)
  6 jackals
  3 quokkas
  A ball python (D:1)
  4 giant newts
  8 kobolds
  12 rats
76 creatures vanquished.

Notes
Turn   | Place    | Note
--------------------------------------------------------------
     0 | D:1      | gorblad, the Octopode Assassin, began the quest for the Orb.
     0 | D:1      | Reached XP level 1. HP: 14/14 MP: 1/1
   254 | D:1      | Reached XP level 2. HP: 19/19 MP: 2/2
   332 | D:1      | Reached skill level 6 in Stealth
   690 | D:2      | Reached XP level 3. HP: 24/24 MP: 3/3
  1365 | D:2      | Reached skill level 7 in Stealth
  1365 | D:2      | Reached XP level 4. HP: 29/29 MP: 4/4
  1939 | D:3      | Reached XP level 5. HP: 35/35 MP: 5/5
  2452 | D:4      | You fall through a shaft for 2 floors!
  2452 | D:6      | Found a shattered altar of Ashenzari.
  2540 | D:6      | Noticed a phantom
  2548 | D:6      | Noticed an ogre
  2577 | D:6      | HP: 1/35 [worker ant (2)]
  2578 | D:6      | Succumbed to a worker ant's poison

Action                   |  1- 3 |  4- 6 || total
-------------------------+-------+-------++-------
Melee: Dagger            |    59 |    92 ||   151
 Stab: Sleeping          |    13 |    15 ||    28
       Distracted        |       |     1 ||     1
  Eat: Bread ration      |     1 |       ||     1
       Chunk             |       |     1 ||     1
